 Dungeon Crawl Stone Soup version 0.18.1-6-gd335043 (webtiles) character file.

159 HungrySpirit the Insei (level 5, 0/35 HPs)
             Began as an Octopode Transmuter on May 18, 2016.
             Succumbed to a worker ant's poison
             ... on level 3 of the Dungeon.
             The game lasted 00:04:21 (2951 turns).

HungrySpirit the Insei (Octopode Transmuter)        Turns: 2951, Time: 00:04:22

Health: 0/35       AC:  1    Str: 10    XL:     5   Next: 40%
Magic:  8/8        EV: 12    Int: 15    God:
Gold:   254        SH:  0    Dex: 13    Spells: 3 memorised, 2 levels left

rFire  . . .     SeeInvis .       - Unarmed
rCold  . . .     Gourm    .     (no shield)
rNeg   . . .     Faith    .     (helmet restricted)
rPois  .         Spirit   .     (no amulet)
rElec  .         Dismiss  .     (no ring)
rCorr  .         Reflect  .     (no ring)
SustAt .         Harm     .     (no ring)
MR     .....                    (no ring)
Stlth  ++........               (no ring)
                                (no ring)
                                (no ring)
                                (no ring)

@: lethally poisoned (0 -> -13), appendage (expiring), invisible, not resistant
to hostile enchantments, unstealthy
A: almost no armour, amphibious, 8 rings, constrict 8, tentacle spike 3,
camouflage 1, gelatinous body 1
a: End Transformation


You were on level 3 of the Dungeon.
You were hungry.
One of your tentacles had a temporary spike.
You visited 1 branch of the dungeon, and saw 3 of its levels.

You collected 254 gold pieces.

Inventory:

Missiles
 a - 50 arrows
 o - a throwing net (quivered)
Wands
 m - a wand of acid (11/15)
 n - a wand of teleportation (4/9)
 s - a wand of iceblast (9/15)
Scrolls
 e - 2 scrolls of amnesia {unknown}
 h - a scroll of magic mapping {unknown}
 l - 2 scrolls of fear {unknown}
 p - a scroll of teleportation {unknown}
 q - 2 scrolls of identify {unknown}
Potions
 d - a potion of invisibility
 g - a potion of degeneration {unknown}
 i - a potion of lignification {unknown}
 j - a potion of haste {unknown}
 k - 2 potions of curing {unknown}
 r - a potion of agility {unknown}
 t - a potion of ambrosia {unknown}
Books
 b - a book of Changes

   Spells                             Type                      Level
   a - Beastly Appendage              Transmutation                1
   b - Sticks to Snakes               Transmutation                2
   c - Spider Form                    Transmutation/Poison         3
   d - Ice Form                       Ice/Transmutation            4
   e - Blade Hands                    Transmutation                5
Comestibles
 c - 4 bread rations
 f - 3 meat rations


   Skills:
 + Level 2.7 Fighting
 - Level 2.0 Dodging
 * Level 4.4 Unarmed Combat
 - Level 2.0 Spellcasting
 + Level 3.3 Transmutations


You had 2 spell levels left.
You knew the following spells:

 Your Spells              Type           Power        Failure   Level  Hunger
a - Beastly Appendage     Trmt           ##....       8%          1    #......
b - Sticks to Snakes      Trmt           ##......     12%         2    ###....
c - Spider Form           Trmt/Pois      #.........   34%         3    ###....


Dungeon Overview and Level Annotations

Branches:
Dungeon (3/15)

Altars:


Innate Abilities, Weirdness & Mutations

You cannot wear most types of armour.
You are amphibious.
You can wear up to eight rings at the same time.
You can use your tentacles to constrict eight enemies at once.
Your skin changes colour to match your surroundings (Stealth).
Your rubbery body absorbs attacks (AC +1).
One of your tentacles bears a large vicious spike.


Message History

You feel sick. The worker ant bites you.
* * * LOW HITPOINT WARNING * * *
You bludgeon the worker ant!
You pierce the worker ant, but do no damage.
The worker ant is heavily wounded.
You constrict the worker ant, but do no damage.
* * * LOW HITPOINT WARNING * * *
You feel sick. The worker ant bites you.
* * * LOW HITPOINT WARNING * * *
You tentacle-slap the worker ant. You squeeze the worker ant.
You kill the worker ant!
Your transformation is almost over.
* * * LOW HITPOINT WARNING * * *
You feel sick.
Unknown command.
Unknown command.
Drink which item? (? for menu, Esc to quit)
It was a potion of invisibility.
You fade into invisibility!
You die...

###### #....# .....## #....#
......## #....## .. .......#
#.....## .. .......# #......##
####### .......# ##..##..#
##....## .......###########..##.#
#.......
.......................###.......
......### ####..@................
)......## #....#####..........
........######....# ###.........#
........<...##....# #.....#.....#
............##........#.........#
................>................
......#...........#.......#.....#
.....##.....##....>.........#....
##########..##........(.....#....


There were no monsters in sight!

Vanquished Creatures
  A worker ant (D:3)
  A killer bee zombie (D:3)
  A howler monkey zombie (D:3)
  A gnoll (D:1)
  2 adders
  An ooze (D:1)
  6 dart slugs
  5 giant geckos
  A giant cockroach (D:2)
  2 goblins (D:2)
  7 hobgoblins (D:1)
  4 jackals (D:2)
  6 kobolds
  5 bats
  4 giant newts (D:1)
  16 rats
63 creatures vanquished.

Notes
Turn   | Place    | Note
--------------------------------------------------------------
     0 | D:1      | HungrySpirit the Octopode Transmuter began the quest for the Orb.
     0 | D:1      | Reached XP level 1. HP: 13/13 MP: 3/3
   101 | D:1      | Reached XP level 2. HP: 18/18 MP: 3/5
   287 | D:1      | Learned a level 2 spell: Sticks to Snakes
   631 | D:1      | Reached XP level 3. HP: 22/24 MP: 6/6
   791 | D:1      | Learned a level 3 spell: Spider Form
  1576 | D:2      | Reached XP level 4. HP: 28/29 MP: 5/7
  2556 | D:3      | Reached skill level 4 in Unarmed Combat
  2634 | D:3      | Reached XP level 5. HP: 24/35 MP: 8/8
  2951 | D:3      | Succumbed to a worker ant's poison

Skill      XL: |  1  2  3  4 |
---------------+-------------+-----
Fighting       | 2 |  2.7
Transmutations | 3 |  3.3
Unarmed Combat | 4 |  4.4
Dodging        | |  2.0
Spellcasting   | |  2.0

Action                   |  1- 3 |  4- 6 || total
-------------------------+-------+-------++-------
Melee: Unarmed           |    71 |    64 ||   135
       Constrict         |    23 |    16 ||    39
       Tentacles         |    15 |     9 ||    24
       Kick              |     1 |     4 ||     5
 Cast: Beastly Appendage |     4 |     1 ||     5
       Sticks to Snakes  |     1 |       ||     1
  Use: Potion            |       |     1 ||     1
 Stab: Sleeping          |     7 |     5 ||    12
  Eat: Chunk             |     2 |     4 ||     6
Armor: Skin              |     4 |     6 ||    10
Dodge: Dodged            |    38 |    31 ||    69
